 Dungeon Crawl Stone Soup version 0.19-a0-1365-gb34f4cb (webtiles) character file.

723 dorian the Carver (level 7, -4/50 HPs)
             Began as a Merfolk Gladiator on Sept 2, 2016.
             Slain by an iguana (6 damage)
             ... on level 5 of the Dungeon.
             The game lasted 00:05:15 (2215 turns).

dorian the Carver (Merfolk Gladiator)               Turns: 2215, Time: 00:05:16

Health: -4/50      AC:  9    Str: 16    XL:     7   Next: 71%
Magic:  7/7        EV: 13    Int:  9    God:
Gold:   174        SH:  0    Dex: 14    Spells: 0 memorised, 6 levels left

rFire  . . .     SeeInvis .     a - +0 long sword
rCold  + . .     Gourm    .     p - +2 scale mail {rC+}
rNeg   . . .     Faith    .     (no shield)
rPois  .         Spirit   .     c - +0 helmet
rElec  .         Dismiss  .     (no cloak)
rCorr  .         Reflect  .     (no gloves)
MR     .....     Harm     .     (no boots)
Stlth  ..........               (no amulet)
                                (no ring)
                                (no ring)

@: no status effects
A: change form in water, swift swim, stealthy swim
a: no special abilities


You were on level 5 of the Dungeon.
You were hungry.

You visited 1 branch of the dungeon, and saw 5 of its levels.

You collected 174 gold pieces.

Inventory:

Hand Weapons
 a - a +0 long sword (weapon)
 o - a +3 spear of pain
Missiles
 e - a javelin (quivered)
 k - 3 tomahawks
Armour
 b - a +0 leather armour
 c - a +0 helmet (worn)
 p - a +2 scale mail of cold resistance (worn)
Scrolls
 d - a scroll of random uselessness {unknown}
 h - a scroll of magic mapping {unknown}
 i - a scroll of remove curse {unknown}
 j - a scroll of enchant weapon {unknown}
 m - a scroll of fog {unknown}
 n - 2 scrolls of identify {unknown}
 q - a scroll of amnesia {unknown}
 s - 2 scrolls of enchant armour {unknown}
 t - a scroll of immolation {unknown}
Potions
 l - a potion of heal wounds
 r - a potion of brilliance {unknown}
Comestibles
 f - 3 bread rations


   Skills:
 - Level 2.1 Fighting
 * Level 8.1 Long Blades
 - Level 2.0 Throwing
 + Level 7.3 Dodging


You had 6 spell levels left.
You didn't know any spells.

Dungeon Overview and Level Annotations

Branches:
Dungeon (5/15)
 Temple: D:4-7

Altars:

Annotations:
D:3 p0werm0de's ghost, amateur DsMo


Message History

The worker ant is moderately wounded.
You miss the quokka.
The quokka bites you but does no damage.
The centaur shoots an arrow.
The arrow barely misses you. The orc misses you.
The worker ant bites you but does no damage.
You barely miss the quokka.
The centaur shoots an arrow.
The arrow completely misses you. The quokka misses you.
You riposte.
You barely miss the quokka. The iguana bites you.
* * * LOW HITPOINT WARNING * * *
The worker ant bites you.
* * * LOW HITPOINT WARNING * * *
The orc closely misses you.
You riposte.
You closely miss the orc. You hit the quokka.
The quokka is heavily wounded.
The centaur shoots an arrow.
The arrow barely misses you. The quokka misses you.
The worker ant closely misses you.
You riposte.
You closely miss the worker ant.
The worker ant is moderately wounded.
The iguana bites you.
You die...

.. #. # #.#. #...
##..# # ...# ...
#r## #####.###
.....#@o###<.......
.......la...........
#....##.##......####
#... #.#.l####...#
#.c .....# ##..# ..
..$..## ). . ..####
# c.# ..#


You could see a centaur, an iguana, a worker ant, an orc and a quokka.

Vanquished Creatures
  Grinder (D:4)
  Sigmund (D:2)
  The ghost of Roxy the Firebug, an amateur DEFE (D:4)
  Terence (D:2)
  Jessica (D:2)
  A worker ant (D:4)
  4 gnolls (D:3)
  3 adders (D:2)
  2 oozes
  A worm (D:2)
  2 dart slugs (D:1)
  A giant gecko (D:2)
  4 orcs (D:4)
  2 giant cockroaches (D:1)
  5 hobgoblins
  A quokka (D:2)
  A ball python (D:1)
  3 bats
  4 giant newts
  6 goblins
  4 kobolds
  6 rats
55 creatures vanquished.

Notes
Turn   | Place    | Note
-------+----------+-------------------------------------------
     0 | D:1      | dorian the Merfolk Gladiator began the quest for the Orb.
     0 | D:1      | Reached XP level 1. HP: 16/16 MP: 1/1
    50 | D:1      | Reached XP level 2. HP: 16/22 MP: 2/2
   204 | D:1      | Reached skill level 4 in Long Blades
   303 | D:1      | Reached XP level 3. HP: 24/27 MP: 3/3
   579 | D:2      | Noticed Jessica
   582 | D:2      | Killed Jessica
   582 | D:2      | Reached skill level 5 in Dodging
   582 | D:2      | Reached XP level 4. HP: 33/33 MP: 4/4
   808 | D:2      | Noticed Terence
   845 | D:2      | Killed Terence
   845 | D:2      | Reached skill level 5 in Long Blades
   985 | D:2      | Reached XP level 5. HP: 26/38 MP: 5/5
  1300 | D:2      | Noticed Sigmund
  1323 | D:2      | Killed Sigmund
  1323 | D:2      | Reached skill level 6 in Long Blades
  1323 | D:2      | Reached XP level 6. HP: 44/44 MP: 6/6
  1777 | D:3      | Noticed p0werm0de's ghost (amateur DsMo)
  1788 | D:4      | Noticed Grinder
  1811 | D:4      | Paralysed by Grinder for 6 turns
  1818 | D:4      | Killed Grinder
  1818 | D:4      | Reached skill level 7 in Long Blades
  1818 | D:4      | Reached XP level 7. HP: 50/50 MP: 7/7
  1869 | D:4      | Noticed Roxy's ghost (amateur DEFE)
  1890 | D:4      | Killed Roxy's ghost
  1890 | D:4      | Reached skill level 8 in Long Blades
  2205 | D:5      | Entered Level 5 of the Dungeon
  2214 | D:5      | HP: 2/50 [iguana (2)]
  2215 | D:5      | Slain by an iguana

Vault maps used:
D:1:      saegor_arrival_simple_c, kennysheep_doodads
D:2:      first_bread, uniq_sigmund, uniq_jessica, uniq_terence
D:4:      uniq_grinder

Skill      XL: |  1  2  3  4  5  6  7 |
---------------+----------------------+-----
Long Blades    | 4 5 6 7 8 |  8.1
Dodging        | 5 6 7 |  7.3
Fighting       | |  2.1
Throwing       | |  2.0

Action                   |  1- 3 |  4- 6 |  7- 9 || total
-------------------------+-------+-------+-------++-------
Melee: Long sword        |    70 |   130 |    51 ||   251
Throw: Javelin           |     2 |     8 |     2 ||    12
       Throwing net      |     1 |     4 |       ||     5
  Use: Potion            |       |     4 |     1 ||     5
 Stab: Held in net/web   |       |     1 |       ||     1
  Eat: Chunk             |       |     3 |     1 ||     4
Armor: Leather armour    |    13 |     7 |       ||    20
       Scale mail        |       |    14 |    16 ||    30
       Skin              |       |    14 |       ||    14
Dodge: Dodged            |    46 |    48 |    28 ||   122
